 Dungeon Crawl Stone Soup version 0.20-a0-1089-g3fde505 (webtiles) character file.

23 volk64 the Caller (level 2, -2/19 HPs)
             Began as a Mummy Summoner on May 2, 2017.
             Slain by an adder (4 damage)
             ... on level 2 of the Dungeon.
             The game lasted 00:05:15 (1058 turns).

volk64 the Caller (Mummy Summoner)                  Turns: 1058, Time: 00:05:16

Health: -2/19      AC:  5    Str: 11    XL:     2   Next: 75%
Magic:  2/5        EV: 12    Int: 14    God:
Gold:   78         SH:  0    Dex: 12    Spells: 3/6 levels left

rFire    x . .     SeeInvis .   d - +0 mace
rCold    + . .     Gourm    .   (no shield)
rNeg     + + +     Faith    .   a - +0 robe
rPois    ∞         Spirit   .   (no helmet)
rElec    .         Reflect  .   (no cloak)
rCorr    .         Harm     .   (no gloves)
MR       .....                  c - +2 pair of boots
Stlth    ++........             (no amulet)
Regen    0.1/turn               (no ring)
MPRegen  0.1/turn               (no ring)

@: no status effects
A: no food or potions, fire vulnerability, cold resistance 1, negative energy
resistance 3, torment resistance, unbreathing
a: no special abilities


You were on level 2 of the Dungeon.
You were not hungry.

You visited 1 branch of the dungeon, and saw 2 of its levels.

You collected 78 gold pieces.

Inventory:

Hand Weapons
 d - a +0 mace (weapon)
Armour
 a - a +0 robe (worn)
 c - a +2 pair of boots (worn)
Scrolls
 e - 3 scrolls of identify {unknown}
 f - a scroll of remove curse {unknown}
 g - a scroll of random uselessness {unknown}
Books
 b - a book of Callings

   Spells                             Type                      Level
   a - Summon Small Mammal            Summoning                    1
   b - Call Imp                       Summoning                    2
   c - Call Canine Familiar           Summoning                    3
   d - Summon Guardian Golem          Hexes/Summoning              3
   e - Summon Lightning Spire         Summoning/Air                4
   f - Summon Ice Beast               Ice/Summoning                4


   Skills:
 + Level 0.4 Maces & Flails
 + Level 1.5 Dodging
 + Level 1.7 Stealth
 + Level 2.8 Spellcasting
 + Level 3.8 Summonings


You had 3 spell levels left.
You knew the following spells:

 Your Spells              Type           Power        Failure   Level  Hunger
a - Summon Small Mammal   Summ           ##..         4%          1    N/A
b - Call Imp              Summ           ##......     7%          2    N/A

Dungeon Overview and Level Annotations

Branches:
Dungeon (2/15)

Altars:


Innate Abilities, Weirdness & Mutations

You do not eat or drink.
Your flesh is vulnerable to fire.
You are immune to poison.
Your flesh is cold resistant. (rC+)
You are immune to negative energy. (rN+++)
You are immune to unholy pain and torment.
You can survive without breathing.


Message History

Your quokka closely misses the adder.
The adder barely misses you.
You closely miss the adder.
The adder is heavily wounded.
Your quokka bites the adder.
The adder completely misses you. The adder bites you.
* * * LOW HITPOINT WARNING * * *
Your quokka barely misses the adder.
You miss the adder.
The adder is heavily wounded.
The adder barely misses you.
Your quokka misses the adder. The adder barely misses you.
You miss the adder.
The adder is heavily wounded.
Your quokka closely misses the adder.
The adder bites you but does no damage.
Your quokka closely misses the adder.
You hit the adder.
The adder is almost dead.
The adder closely misses you.
Your quokka misses the adder. The adder bites you.
You die...

#.# #.###
#.#####.... # ##
### #.#........
#. .. ..#
#.#.###.... #..
.###.#
#.......... #...
..#.#
###.###....
#.... #>#.#
#.###..##
......#.#.#
#........
#..<.@r.###
#####.###
#.###S....#
#†..# #####†#
#...# ###.#####
#...# #.......#
#...#
#.#####.###...#.
#. #......... .
#......... ##
#.........


You could see an adder and a friendly quokka.

Vanquished Creatures
  A leopard gecko (D:1)
  2 bats
  A giant cockroach (D:1)
  A goblin (D:2)
  2 hobgoblins (D:1)
  A quokka (D:2)
  A frilled lizard (D:1)
  3 kobolds
  2 rats (D:1)
14 creatures vanquished.

Vanquished Creatures (collateral kills)
  2 leopard geckos
  A goblin (D:1)
  2 hobgoblins (D:1)
  A kobold (D:2)
  3 bats (D:1)
9 creatures vanquished.

Grand Total: 23 creatures vanquished

Notes
Turn   | Place    | Note
-------+----------+-------------------------------------------
     0 | D:1      | volk64 the Mummy Summoner began the quest for the Orb.
     0 | D:1      | Reached XP level 1. HP: 13/13 MP: 4/4
   478 | D:1      | Reached XP level 2. HP: 18/19 MP: 5/5
   482 | D:1      | Learned a level 2 spell: Call Imp
  1058 | D:2      | Slain by an adder

Vault maps used:
D:1:      minmay_arrival_wavy_path
D:2:      kennysheep_generic_room_11, uniq_natasha, uniq_terence

Action                   || total
-------------------------++-------
Melee: Mace              ||    70
 Cast: Summon Small Mamm ||    12
       Call Imp          ||     7
 Stab: Sleeping          ||     3
Armor: Robe              ||    31
Dodge: Dodged            ||    75
